 Dungeon Crawl Stone Soup version 0.27-a0-951-gae3e1deef5 (webtiles) character file.

Game seed: 5958234675270814048

77 polve the Cutter (level 4, 0/35 HPs)
             Began as a Demonspawn Abyssal Knight on Apr 11, 2021.
             Was a Follower of Lugonu.
             Slain by a water moccasin (3 damage)
             ... on level 2 of the Dungeon.
             The game lasted 00:01:37 (2271 turns).

polve the Cutter (Demonspawn Abyssal Knight)        Turns: 2271, Time: 00:01:38

Health: 0/35       AC:  3    Str: 13    XL:     4   Next: 14%
Magic:  5/5        EV: 14    Int: 14    God:    Lugonu [*.....]
Gold:   56         SH:  0    Dex: 12    Spells: 3/3 levels left

rFire    . . .     SeeInvis .   a - +1 short sword
rCold    . . .     Faith    .   (no shield)
rNeg     . . .     Spirit   .   b - +0 leather armour
rPois    .         Reflect  .   (no helmet)
rElec    .         Harm     .   (no cloak)
rCorr    .         Rampage  .   (no gloves)
Will     .....                  (no boots)
Stlth    +.........             (no amulet)
HPRegen  0.11/turn              (no ring)
MPRegen  0.09/turn              (no ring)

@: lethally poisoned (0 -> -13)
A: repulsion field 2, powered by death 1
a: Renounce Religion, Depart the Abyss


You were on level 2 of the Dungeon.
You worshipped Lugonu.
Lugonu was aware of your devotion.
You visited 1 branch of the dungeon, and saw 2 of its levels.
You visited the Abyss 1 time.

You collected 56 gold pieces.

Inventory:

Hand Weapons
 a - a +1 short sword (weapon)
Armour
 b - a +0 leather armour (worn)
 c - a +0 pair of gloves
Scrolls
 d - a scroll of noise {unknown}
 e - 2 scrolls of identify {unknown}
 f - a scroll of teleportation {unknown}
 i - a scroll of holy word {unknown}


   Skills:
 - Level 3.0 Fighting
 - Level 4.0 Short Blades
 + Level 2.0 Armour
 - Level 0.8 Dodging
 - Level 2.4 Invocations


You had 3 spell levels left.
You didn't know any spells.
Your spell library was empty.

Dungeon Overview and Level Annotations

Branches:
Dungeon (2/15)

Altars:


Innate Abilities, Weirdness & Mutations

You are surrounded by a moderate repulsion field. (EV +3)
You regenerate a little health from kills.


Message History

You are too injured to fight recklessly!
You are too injured to fight recklessly!
You are too injured to fight recklessly!
You are too injured to fight recklessly!
You are too injured to fight recklessly!
You are too injured to fight recklessly!
You are too injured to fight recklessly!
You are too injured to fight recklessly!
You miss the water moccasin.
The water moccasin is lightly wounded.
You feel very sick. The water moccasin barely misses you.
You hit the water moccasin.
The water moccasin is moderately wounded.
You feel very sick. The water moccasin bites you.
The water moccasin bites you but does no damage.
It was a potion of attraction.
You feel attractive to monsters.
You feel sick. The water moccasin bites you.
It was a potion of cancellation.
Your magical effects are unravelling.
You feel magically purged.
You feel sick. The water moccasin closely misses you.
The water moccasin barely misses you.
You feel less attractive to monsters.
You hit the water moccasin but do no damage.
The water moccasin is moderately wounded.
You feel sick. The water moccasin misses you.
You closely miss the water moccasin.
The water moccasin is moderately wounded.
You feel sick. The water moccasin bites you.
* * * LOW HITPOINT WARNING * * *
You are lethally poisoned!
The water moccasin poisons you!
You hit the water moccasin.
The water moccasin is moderately wounded.
* * * LOW HITPOINT WARNING * * *
You feel very sick. The water moccasin bites you.
You die...

#
#####.#####..........
..# #...........
..#####...........
..................
.................<
#########........
##........ #.........
#.@....... #.S.......
#......... #.........
##........ ##......#
#######


You could see a water moccasin.

Vanquished Creatures
  A bullfrog zombie (D:2)
  4 dart slugs
  A ball python (D:2)
  4 endoplasms (D:1)
  A giant cockroach (D:2)
  4 goblins
  A hobgoblin (D:1)
  3 jackals (D:2)
  2 quokkas
  4 bats
  4 frilled lizards
  5 kobolds
  2 rats (D:1)
36 creatures vanquished.

Notes
Turn   | Place    | Note
-------+----------+-------------------------------------------
     0 | Abyss:1  | polve the Demonspawn Abyssal Knight began the quest for the
                  | Orb.
     0 | Abyss:1  | Reached XP level 1. HP: 18/18 MP: 2/2
    46 | Abyss:1  | Noticed a smoke demon
    47 | D:1      | Escaped the Abyss
   321 | D:1      | Reached skill level 2 in Short Blades
   704 | D:1      | Gained mutation: You are surrounded by a mild repulsion
                  | field. (EV +2) [demonic ancestry]
   704 | D:1      | Reached XP level 2. HP: 24/24 MP: 3/3
   716 | D:1      | Reached * piety under Lugonu
  1274 | D:1      | Reached skill level 3 in Short Blades
  1668 | D:2      | Gained mutation: You are surrounded by a moderate repulsion
                  | field. (EV +3) [demonic ancestry]
  1668 | D:2      | Reached XP level 3. HP: 26/29 MP: 4/4
  1875 | D:2      | Gained mutation: You regenerate a little health from kills.
                  | [demonic ancestry]
  1875 | D:2      | Reached XP level 4. HP: 6/35 MP: 5/5
  1879 | D:2      | Reached skill level 4 in Short Blades
  2260 | D:2      | Noticed a water moccasin
  2271 | D:2      | Slain by a water moccasin

Illustrated notes

Levels and vault maps discovered:
D:1:      ncdulo_halloftheorcs, layout_basic
D:2:      layout_rooms

Skill      XL: |  1  2  3  4 |
---------------+-------------+-----
Short Blades   | 2 3 4 |  4.0
Armour         | 2 |  2.0
Fighting       | |  3.0
Dodging        | |  0.8
Invocations    | |  2.4

Action                   |  1- 3 |  4- 6 || total
-------------------------+-------+-------++-------
Melee: Short sword       |   111 |    28 ||   139
Invok: Depart the Abyss  |     1 |       ||     1
  Use: Potion            |       |     2 ||     2
Armor: Leather armour    |    35 |     6 ||    41
Dodge: Dodged            |    89 |    15 ||   104

Table legend: (Time is in decaauts)
 A = Elapsed time spent in this place.
 B = Non-inter-level travel time spent in this place.
 C = Inter-level travel time spent in this place.
 D = Time resting spent in this place.
 E = Time spent auto-exploring this place.
 F = Levels seen in this place.
 G = Mean time per level.
                   A        B        C        D        E       F      G
               +--------+--------+--------+--------+--------+-----+--------+
         Total |   2261 |   2246 |     15 |      0 |   1925 |   3 |  753.7 |
       Dungeon |   2214 |   2199 |     15 |      0 |   1879 |   2 | 1107.0 |
         Abyss |     47 |     47 |      0 |      0 |     46 |   1 |   47.0 |
               +--------+--------+--------+--------+--------+-----+--------+

Top non-repeatable levels by time:
     D:1: 1609 daAuts
     D:2: 604 daAuts
 Abyss:1: 47 daAuts
